 Dungeon Crawl Stone Soup version 0.31-a0-7-g51783674b7 (webtiles) character file.

Game seed: 2782974413502170696

316222 dolemite99 the Slayer (level 21, -11/164 (192) HPs)
             Began as a Merfolk Fighter on May 1, 2023.
             Was a High Priest of Dithmenos.
             Killed from afar by a tengu reaver (26 damage)
             ... with a bolt of fire
             ... led by Sojobo
             ... on level 1 of the Depths on May 5, 2023.
             The game lasted 01:50:23 (78048 turns).

dolemite99 the Slayer (Merfolk Fighter)            Turns: 78048, Time: 01:50:23

HP:   -11/164 (192) AC: 31    Str: 23    XL:     21   Next: 40%
MP:   29/29         EV: 23    Int: 10    God:    Dithmenos [*****.]
Gold: 2432          SH:  0    Dex: 29    Spells: 23/28 levels left

rFire   + . .        T - +9 double sword (chaos)
rCold   + + .        r - +0 kite shield {reflect}
rNeg    . . .        c - +10 plate armour of Muan {Will++}
rPois   .            f - +1 helmet "Trusted Companion" {rCorr Str+3 Slay+3}
rElec   .            t - scarf {rC+ rF+}
rCorr   +            H - +2 pair of gloves
SInv    .            V - +2 pair of boots of the Blushing Gods {Dex+5}
Will    +++..        G - amulet of the acrobat Stlth
                     n - ring of protection from cold
HPRegen 0.47/turn    q - +6 ring of dexterity {=R}
MPRegen 0.21/turn

%: reflection, acrobat
@: confused, mighty, lethally poisoned (-11 -> -17), ambrosia-drunk, wreathed by
umbra, heavily drained
A: (nimble swimmer 2), mertail
}: 2/15 runes: barnacled, gossamer
a: Renounce Religion, Shadow Step, Shadow Form


You were on level 1 of the Depths.
You worshipped Dithmenos.
Dithmenos was extremely pleased with you.
You visited 8 branches of the dungeon, and saw 36 of its levels.

You collected 3678 gold pieces.
You spent 1246 gold pieces at shops.

Inventory:

Hand Weapons
 a - a +3 spectral demon blade
 b - a +1 demon blade of flaming
 e - a +2 vampiric long sword
 T - a +9 double sword of chaos (weapon)
Missiles
 m - 6 throwing nets
 o - 2 datura-tipped darts
 A - 23 boomerangs
 I - 17 atropa-tipped darts
 Q - 9 silver javelins (quivered)
 U - 25 poisoned darts
Armour
 c - the +10 plate armour of Muan (worn) {Will++}
   (You found it on level 2 of the Dungeon)

   Will:      It greatly increases your willpower.
 f - the +1 helmet "Trusted Companion" (worn) {rCorr Str+3 Slay+3}
   (You found it on level 2 of the Vaults)

   Str:       It affects your strength (+3).
   Slay:      It affects your accuracy & damage with ranged weapons and melee
   (+3).
   rCorr:     It protects you from acid and corrosion.
 r - a +0 kite shield of reflection (worn)
 t - a scarf of resistance (worn)
 E - the +4 ring mail of a Gauntlet {rF+ rC+ Dex+2}
   (You found it on level 3 of the Vaults)

   Dex:       It affects your dexterity (+2).
   rF:        It protects you from fire.
   rC:        It protects you from cold.
 H - a +2 pair of gloves (worn)
 K - a +2 chain mail of poison resistance
 V - the +2 pair of boots of the Blushing Gods (worn) {Dex+5}
   (You acquired it on level 1 of the Vaults)

   Dex:       It affects your dexterity (+5).
 X - a +2 chain mail of cold resistance
Magical Staves
 j - a staff of fire
 Z - a staff of poison
Jewellery
 n - a ring of protection from cold (left hand)
 q - a +6 ring of dexterity (right hand) {=R}
 w - a ring of willpower
 x - a ring of see invisible
 y - a +6 ring of intelligence
 z - a ring of protection from fire
 G - an amulet of the acrobat (around neck)
 L - the ring "Naaghaol" {rElec MP+9 Dex+3}
   (You found it on level 3 of the Vaults)

   [ring of magical power]

   Dex:       It affects your dexterity (+3).
   rElec:     It insulates you from electricity.
   MP:        It affects your magic capacity (+9).
 O - a +5 ring of evasion
 P - a ring of resist corrosion
Scrolls
 d - 4 scrolls of magic mapping
 k - a scroll of silence
 s - a scroll of poison
 v - 3 scrolls of fear
 D - 26 scrolls of identify {@r1}
 F - 12 scrolls of vulnerability
 M - 10 scrolls of teleportation
 S - a scroll of enchant weapon
 W - 5 scrolls of amnesia
 Y - a scroll of enchant armour
Potions
 i - 3 potions of berserk rage
 u - 2 potions of brilliance
 C - 6 potions of flight
 J - 3 potions of ambrosia
Miscellaneous
 h - a lightning rod (inert)
 l - a box of beasts (inert)
 B - a phial of floods (inert)
 R - a tin of tremorstones (inert)


   Skills:
 + Level 23.0 Fighting
 - Level 16.2 Long Blades
 - Level 5.2 Throwing
 - Level 6.4 Armour
 - Level 22.0 Dodging
 - Level 12.7 Shields
 - Level 4.0 Spellcasting
 - Level 13.8 Transmutations
 - Level 11.8 Invocations
 - Level 9.9 Evocations


You had 23 spell levels left.
You knew the following spells:

 Your Spells              Type           Power      Damage    Failure   Level
a - Wereblood             Tmut           29%        N/A       3%          2
b - Inner Flame           Hex/Fire       2%         N/A       100%        3

Your spell library contained the following spells:

 Spells                   Type           Power      Damage    Failure   Level
 Blade Hands              Tmut           14%        N/A       54%         5
 Ignite Poison            Fire/Tmut/Pois 11%        N/A       96%         3
 Petrify                  Tmut/Erth      15%        N/A       98%         4
 Kiss of Death            Conj/Necr      8%         2d6       100%        1
 Magic Dart               Conj           8%         1d3       100%        1
 Necrotise                Necr           8%         1d4       100%        1
 Shock                    Conj/Air       8%         1d3       100%        1
 Call Imp                 Summ           4%         N/A       100%        2
 Cigotuvi's Dreadful Rot  Necr/Pois/Air  4%         N/A       100%        2
 Sublimation of Blood     Necr           2%         N/A       100%        2
 Confusing Touch          Hex            2%         N/A       100%        3
 Dazzling Flash           Conj/Hex       4%         N/A       100%        3
 Mephitic Cloud           Conj/Pois/Air  2%         N/A       100%        3
 Ozocubu's Armour         Ice            2%         N/A       100%        3
 Portal Projectile        Hex/Tloc       4%         N/A       100%        3
 Stone Arrow              Conj/Erth      4%         3d7       100%        3
 Tukima's Dance           Hex            2%         N/A       100%        3
 Vampiric Draining        Necr           2%         2d6       100%        3
 Vhi's Electric Charge    Tloc/Air       4%         N/A       100%        3
 Animate Armour           Summ/Erth      4%         N/A       100%        4
 Dispel Undead            Necr           2%         3d7       100%        4
 Manifold Assault         Tloc           2%         N/A       100%        4
 Agony                    Necr           2%         N/A       100%        5
 Arcjolt                  Conj/Air       1%         1d11      100%        5
 Freezing Cloud           Conj/Ice/Air   1%         6-21      100%        5
 Lee's Rapid Deconstruct  Erth           1%         3d4*      100%        5
 Metabolic Englaciation   Hex/Ice        1%         N/A       100%        5
 Silence                  Hex/Air        1%         N/A       100%        5
 Yara's Violent Unravell  Hex/Tmut       7%         3d5       100%        5
 Dispersal                Tloc           1%         N/A       100%        6
 Iron Shot                Conj/Erth      1%         9d1       100%        6
 Plasma Beam              Fire/Air       1%         2x1d12    100%        6
 Simulacrum               Ice/Necr       1%         N/A       100%        6
 Statue Form              Tmut/Erth      10%        N/A       100%        6
 Enfeeble                 Hex            1%         N/A       100%        7
 Ozocubu's Refrigeration  Ice            1%         4d7       100%        7
 Summon Hydra             Summ           1%         N/A       100%        7
 Disjunction              Tloc           1%         N/A       100%        8
 Lehudib's Crystal Spear  Conj/Erth      1%         10d2      100%        8
 Polar Vortex             Ice            1%         N/A       100%        9


Dungeon Overview and Level Annotations

Branches:
Dungeon (15/15)            Temple (0/1) D:6            Lair (5/5) D:10
 Shoals (4/4) Lair:3       Spider (4/4) Lair:3        Slime (0/5) Lair:4
    Orc (2/2) D:9             Elf (1/3) Orc:2        Vaults (4/5) D:13
  Crypt (0/3) Vaults:3     Depths (1/4) D:15

Altars:
Ashenzari
Dithmenos
Gozag
Hepliaklqana
Kikubaaqudgha
Okawaru
Wu Jian
Zin
Jiyva
Lugonu

Shops:
Orc:2 !(?   Shoals:2 ((   Shoals:3 *   Vaults:1 (   Vaults:3 (

Portals:
Abyss: Lair:5
Trove: D:15 (give 12 potions of heal wounds)

Annotations:
D:1 exclusion: downstairs
Lair:4 exclusion: downstairs
Shoals:1 3 runed translucent doors, exclusion: obsidian statue, pvanmetre's ghost, journeyman TrTm
Spider:3 1 runed translucent door
Elf:1 4 runed translucent doors


Innate Abilities, Weirdness & Mutations

((You are very nimble when in or above water. (Stealth+, EV+, Speed+++)))
Your lower body shifts to a powerful aquatic tail in water.


Message History

The tengu reaver is almost dead.
The tengu reaver hits you but does no damage.
You block the tengu reaver's attack. x2
You barely miss the tengu reaver.
The tengu reaver is almost dead.
Your shadow hits the tengu reaver with a double sword.
You kill the tengu reaver!
Dithmenos accepts your kill.
The tengu reaver gestures at you while chanting.
The bolt of poison hits you!!
You are poisoned.
* * * LOW HITPOINT WARNING * * *
You feel very sick. You block the tengu reaver's attack.
The tengu reaver pecks you but does no damage.
The tengu reaver claws you.
* * * LOW HITPOINT WARNING * * *
Items here: ( ))) ?? [[ ††.
The tengu reaver blocks your attack.
Your shadow hits the tengu reaver but does no damage.
You feel very sick.
The tengu reaver hits you with a +2 war axe of electrocution.
* * * LOW HITPOINT WARNING * * *
The tengu reaver barely misses you.
The tengu reaver claws you but does no damage.
The tengu reaver blocks your attack.
You feel very sick. The tengu reaver blocks your attack.
Your shadow misses the tengu reaver.
You feel sick.
The tengu reaver hits you with a +2 war axe of electrocution!
* * * LOW HITPOINT WARNING * * *
The tengu reaver pecks you but does no damage.
The tengu reaver claws you.
* * * LOW HITPOINT WARNING * * *
You are confused.
You feel invigorated.
You feel very sick.
The tengu reaver gestures at you while chanting.
The bolt of fire hits you!! You resist.
You die...

#...§§...........
#...§§§§§§.......
#..§§QC§§§.......
#...§§E§§§§§.....
#...§§Q§§§§......
#..####Q§E§......
..... ##§§#####.#
..#########..####.#
#.# #<@Q..[.......#
#. ###########...#
..# ... .. ≈


You could see a tengu reaver.

Vanquished Creatures
  Sojobo (Depths:1)
  Margery (Vaults:3)
  Jorgrun (D:12)
  Asterion (Spider:2)
  A kraken (Shoals:2)
  Polyphemus (Shoals:3)
  Agnes (D:14)
  A tengu reaver (Depths:1)
  The ghost of Zoefix the Phalangite, an adept MfHs of Okawaru (Spider:2)
  Donald (Shoals:4)
  A fire giant (Depths:1)
  2 emperor scorpions (Spider:4)
  10 vault wardens
  4 ghost moths
  An orc warlord (Vaults:2)
  A ghoul (Vaults:3)
  12 ironbound preservers
  6 broodmothers
  6 stone giants
  5 very ugly things
  A war gargoyle (D:12)
  2 deep elf annihilators (Elf:1)
  A vampire knight (Depths:1)
  6 ironbound thunderhulks
  Azrael (D:12)
  7 dire elephants
  A spark wasp (Lair:3)
  A crystal guardian (Vaults:3)
  7 merfolk javelineers
  6 merfolk impalers
  An eidolon (Vaults:3)
  3 fire dragons
  11 yaktaur captains
  13 entropy weavers
  8 great orbs of eyes
  A vault guard (Vaults:3)
  5 hydras
  2 peacekeepers (Vaults:3)
  2 jorogumos
  An ogre mage (D:13)
  An ice dragon (Spider:1)
  2 catoblepae
  2 radroaches
  12 centaur warriors
  3 merfolk aquamancers
  8 ironbound frosthearts
  4 merfolk avatars
  4 boulder beetles
  An alligator snapping turtle (Shoals:4)
  9 dancing weapons
  2 two-headed ogres
  3 satyrs
  8 death yaks
  A deep troll earth mage (D:12)
  A vampire mage (Vaults:3)
  4 orc high priests
  4 thrashing horrors (Lair:5)
  Nergalle (Lair:3)
  Sonja (Lair:3)
  5 hell knights (Vaults:3)
  3 skysharks
  4 deep elf knights
  2 sun demons (Depths:1)
  14 skeletal warriors
  2 sun moths
  3 pharaoh ants
  34 deep trolls
  7 orb spiders
  6 sea snakes
  2 deep elf archers
  19 harpies
  9 wizards
  Pikel (D:5)
  9 lindwurms
  2 phantasmal warriors (Vaults:4)
  4 orc knights
  10 ironbound convokers
  5 deep elf pyromancers
  A necromancer (D:15)
  6 steelbarb worms
  10 deep elf zephyrmancers
  29 ugly things
  20 wolf spiders
  The ghost of LobsterGuardian the Basher, a novice HuWn of Yredelemnul (D:5)
  17 manticores
  14 fauns
  An oklob plant (Lair:5)
  A moth of wrath (Spider:4)
  3 orc sorcerers
  6 black mambas
  4 cyclopes
  5 merfolk sirens
  A guardian serpent (shapeshifter) (D:12)
  A naga mage (D:15)
  2 centaur skeletons (D:15)
  4 torpor snails
  A centaur zombie (D:15)
  5 smoke demons
  9 elephants
  18 vault sentinels
  5 water nymphs
  9 cane toads
  A rime drake (Lair:4)
  2 gargoyles (D:12)
  18 yaktaurs
  2 unseen horrors
  A freezing wraith (D:15)
  2 kobold demonologists
  13 demonic crawlers
  2 ancient zymes (Lair:5)
  11 komodo dragons
  2 tengu conjurers (D:14)
  23 merfolk
  6 trolls
  2 polar bears (Lair:4)
  A merfolk (shapeshifter) (Shoals:2)
  6 meliai
  21 tarantellas
  7 wind drakes
  2 hornets
  A wolf spider simulacrum (D:8)
  Grinder (D:6)
  18 blink frogs
  10 snapping turtles
  A dream sheep (shapeshifter) (D:12)
  16 dream sheep
  Sigmund (D:2)
  4 centaur simulacra
  14 water elementals
  An air elemental (Orc:2)
  30 culicivoras
  32 jumping spiders
  35 slime creatures
  3 ynoxinuls (Lair:5)
  71 yaks
  2 spriggans
  A wraith (D:11)
  A yak (shapeshifter) (Orc:2)
  8 basilisks
  4 wyverns
  4 fire elementals
  77 redbacks
  2 chaos spawn (Lair:5)
  4 steam dragons
  A steam dragon (shapeshifter) (D:15)
  3 large abominations (Lair:5)
  3 wargs
  3 vampire mosquitoes (D:12)
  An acid dragon (shapeshifter) (Shoals:4)
  An acid dragon (D:10)
  14 water moccasins
  Duvessa (D:6)
  2 hell hounds (D:12)
  7 small abominations
  9 ice beasts
  22 orc warriors
  10 boggarts
  2 black bears (D:5)
  9 ogres
  18 wolves
  8 centaurs
  A lemure (D:5)
  5 kobold brigands
  Blork the orc (D:5)
  9 bullfrogs
  A gnoll sergeant (D:4)
  3 scorpions
  Dowan (D:6)
  6 killer bees
  An electric eel (Lair:5)
  2 howler monkeys (D:4)
  A gnoll bouda (D:6)
  4 hounds (D:5)
  4 jellies
  Crazy Yiuf (D:4)
  38 orc priests
  A sleepcap (D:7)
  An iguana (D:4)
  Ijyb (D:3)
  Natasha (thrice) (D:3)
  29 orc wizards
  A hell rat (Lair:4)
  Robin (D:2)
  7 adders
  11 gnolls
  A shadow imp (D:8)
  2 white imps
  4 ufetubi
  A worm (D:2)
  A dart slug (D:2)
  75 orcs
  4 endoplasms
  6 giant cockroaches
  17 hobgoblins
  3 jackals (D:1)
  7 quokkas
  10 ball pythons
  5 bats
  7 frilled lizards
  20 goblins
  19 kobolds
  10 rats
  A spectral orc (D:4)
  3 bushes (Shoals:3)
  3 tentacles (Shoals:2)
1432 creatures vanquished.

Vanquished Creatures (collateral kills)
  An emperor scorpion (Spider:4)
  An ironbound preserver (Vaults:3)
  2 fauns (Shoals:1)
  A komodo dragon (Lair:5)
  A meliai (D:15)
  A small abomination (Lair:5)
  An orc priest (Orc:2)
  A sleepcap (D:4)
  A gnoll (D:4)
  An orc (Orc:2)
11 creatures vanquished.

Vanquished Creatures (others)
  An emperor scorpion (Spider:4)
  A hydra (D:9)
  A cane toad (Lair:4)
  A yaktaur (Vaults:4)
  A jumping spider (Spider:3)
  A centaur (D:14)
  An orc wizard (D:13)
  3 gnolls
  27 fungi
  332 plants
  19 spectral weapons
  12 tentacles (Shoals:2)
400 creatures vanquished.

Grand Total: 1843 creatures vanquished

Notes
Turn   | Place    | Note
-------+----------+-------------------------------------------
     0 | D:1      | dolemite99 the Merfolk Fighter began the quest for the Orb.
     0 | D:1      | Reached XP level 1. HP: 18/18 MP: 1/1
     0 | D:1      | Noticed a dwarf
     0 | D:1      | Noticed a human
     1 | D:1      | Noticed a demigod
     5 | D:1      | Noticed an octopode
     6 | D:1      | Noticed a barachi
     8 | D:1      | Noticed a dwarf
     9 | D:1      | Noticed a formicid
    11 | D:1      | Noticed an ogre
    13 | D:1      | Noticed a vampire
    15 | D:1      | Noticed a minotaur
    15 | D:1      | Noticed a human
    17 | D:1      | Noticed a tengu
    17 | D:1      | Noticed a ghoul
    19 | D:1      | Noticed a merfolk
    21 | D:1      | Noticed an ogre
    69 | D:1      | Reached XP level 2. HP: 24/24 MP: 2/2
   554 | D:1      | Reached XP level 3. HP: 19/29 MP: 3/3
   945 | D:2      | Noticed Sigmund
  1519 | D:2      | Found a faded altar of an unknown god.
  1580 | D:2      | Prayed at the altar of an unknown god.
  1580 | D:2      | Became a worshipper of Dithmenos the Shadowed
  1580 | D:2      | Reached * piety under Dithmenos
  1668 | D:2      | Identified the +10 plate armour of Muan {Will++}
  1687 | D:2      | Reached skill level 5 in Long Blades
  1831 | D:2      | Reached XP level 4. HP: 35/35 MP: 4/4
  1878 | D:2      | Killed Sigmund
  1879 | D:2      | Reached XP level 5. HP: 26/41 MP: 5/5
  1879 | D:2      | Reached XP level 6. HP: 30/47 MP: 6/6
  2066 | D:2      | Noticed Robin
  2099 | D:2      | Killed Robin
  2291 | D:2      | Reached ** piety under Dithmenos
  2549 | D:3      | Noticed Natasha
  2555 | D:3      | Killed Natasha
  2760 | D:3      | Noticed Natasha
  2768 | D:3      | Killed Natasha
  2811 | D:3      | Noticed Natasha
  2819 | D:3      | Killed Natasha
  2959 | D:3      | Noticed Ijyb
  3157 | D:3      | Killed Ijyb
  3213 | D:3      | Found an ornate altar of the Wu Jian Council.
  3446 | D:4      | Reached *** piety under Dithmenos
  3447 | D:4      | Reached XP level 7. HP: 36/52 MP: 7/7
  4104 | D:4      | Found a glowing drain.
  4467 | D:4      | Reached skill level 10 in Long Blades
  4878 | D:4      | Found a hazy altar of Hepliaklqana.
  5071 | D:4      | Found a runed translucent door.
  5072 | D:4      | Noticed Crazy Yiuf
  5080 | D:4      | Killed Crazy Yiuf
  5093 | D:4      | Identified the +10 hammer "Gram" {antimagic, SInv}
  5170 | D:5      | Entered Level 5 of the Dungeon
  5493 | D:5      | Reached XP level 8. HP: 49/58 MP: 8/8
  5641 | D:5      | Noticed Pikel
  5682 | D:5      | Killed Pikel
  6462 | D:5      | Reached XP level 9. HP: 64/64 MP: 9/9
  6849 | D:5      | Found a runed translucent door.
  6851 | D:5      | Noticed LobsterGuardian's ghost (novice HuWn)
  6967 | D:5      | Noticed Blork the orc
  6979 | D:5      | Killed Blork the orc
  7089 | D:5      | Killed LobsterGuardian's ghost
  7090 | D:5      | Reached skill level 5 in Armour
  7096 | D:5      | Reached **** piety under Dithmenos
  7967 | D:6      | Noticed Duvessa
  7967 | D:6      | Noticed Dowan
  8447 | D:6      | Found a staircase to the Ecumenical Temple.
  8515 | D:6      | Reached skill level 4 in Fighting
  8608 | D:6      | Noticed Grinder
  8633 | D:6      | Killed Grinder
  8634 | D:6      | Reached skill level 5 in Fighting
  9027 | D:7      | Reached XP level 10. HP: 75/75 MP: 10/10
  9073 | D:7      | Reached skill level 6 in Fighting
  9274 | D:7      | Noticed a green ugly thing
  9309 | D:7      | Killed a green ugly thing
  9310 | D:7      | Reached skill level 7 in Fighting
  9356 | D:6      | Killed Duvessa
 10227 | D:8      | Noticed a two-headed ogre
 10244 | D:8      | Killed a two-headed ogre
 10245 | D:8      | Reached skill level 8 in Fighting
 10259 | D:8      | Reached skill level 9 in Fighting
 10355 | D:8      | Found a transporter.
 10707 | D:8      | Reached skill level 10 in Fighting
 10950 | D:8      | Found a transporter.
 11278 | D:9      | Found a broken altar of Ashenzari.
 11283 | D:9      | Found a glowing silver altar of Zin.
 11549 | D:8      | Reached skill level 11 in Fighting
 11926 | D:8      | Reached XP level 11. HP: 85/93 MP: 11/11
 12088 | D:9      | Identified a scroll of acquirement
 12088 | D:9      | Acquired a +3 double sword of draining
 12365 | D:10     | Entered Level 10 of the Dungeon
 12381 | D:10     | Found a staircase to the Lair.
 12494 | D:10     | Found an ancient bone altar of Kikubaaqudgha.
 12545 | D:10     | Reached skill level 5 in Dodging
 12612 | D:10     | Found an iron altar of Okawaru.
 13063 | D:9      | Found a staircase to the Orcish Mines.
 13179 | D:9      | Reached ***** piety under Dithmenos
 13475 | D:9      | Noticed a centaur warrior
 13478 | D:9      | Noticed a red ugly thing
 13480 | D:9      | Noticed a centaur warrior
 13945 | D:9      | Killed a centaur warrior
 14014 | D:9      | Killed a centaur warrior
 14015 | D:9      | Reached skill level 10 in Dodging
 14043 | D:9      | Noticed a deep elf pyromancer
 14045 | D:9      | Noticed an eight-headed hydra
 14046 | D:9      | Noticed a five-headed hydra
 14068 | D:9      | Killed an eight-headed hydra
 14545 | D:10     | Got the Almanac of Talus and Clouds
 15065 | Lair:1   | Entered Level 1 of the Lair of Beasts
 15192 | Lair:1   | Reached XP level 12. HP: 100/100 MP: 12/12
 15260 | Lair:1   | Noticed a death yak
 15264 | Lair:1   | Noticed a death yak
 15266 | Lair:1   | Noticed a death yak
 15271 | Lair:1   | Noticed a death yak
 15281 | Lair:1   | Killed a death yak
 15290 | D:10     | Killed a death yak
 15447 | D:10     | Killed a death yak
 15457 | D:10     | Killed a death yak
 15993 | Lair:1   | Reached skill level 15 in Dodging
 16810 | Lair:2   | Noticed a skyshark
 16820 | Lair:2   | Killed a skyshark
 16852 | Lair:2   | Reached XP level 13. HP: 86/107 MP: 13/13
 17917 | Lair:3   | Reached skill level 12 in Fighting
 18192 | Lair:3   | Noticed Sonja
 18195 | Lair:3   | Killed Sonja
 18438 | Lair:3   | Found a hole to the Spider Nest.
 18591 | Lair:3   | Noticed Nergalle
 18608 | Lair:3   | Killed Nergalle
 18610 | Lair:3   | Reached skill level 5 in Evocations
 18901 | Lair:3   | Identified the +12 quarterstaff of Focus {heavy, +Blink
                  | rElec rC+ Int+2}
 18950 | Lair:3   | Found a staircase to the Shoals.
 20454 | Lair:4   | Found a viscous altar of Jiyva.
 20454 | Lair:4   | Found a staircase to the Slime Pits.
 20475 | Lair:4   | Reached ****** piety under Dithmenos
 21068 | Lair:5   | Entered Level 5 of the Lair of Beasts
 21234 | Lair:5   | Reached XP level 14. HP: 96/115 MP: 14/14
 22594 | Lair:5   | Reached skill level 15 in Long Blades
 23803 | Lair:5   | Found a corrupted altar of Lugonu.
 23803 | Lair:5   | Found a one-way gate to the infinite horrors of the Abyss.
 24577 | D:11     | Reached skill level 1 in Invocations
 24892 | D:12     | Noticed Jorgrun
 24902 | D:12     | Killed Jorgrun
 25501 | D:12     | Reached skill level 5 in Invocations
 25891 | D:12     | Noticed Azrael
 25917 | D:12     | Killed Azrael
 25922 | D:12     | Reached XP level 15. HP: 107/120 MP: 19/19
 26411 | D:12     | Identified the +9 shortbow "Xyhidora" {freeze, Int+2 Dex+5}
 27158 | Orc:1    | Entered Level 1 of the Orcish Mines
 27512 | Orc:2    | Entered Level 2 of the Orcish Mines
 29297 | Orc:2    | Reached skill level 10 in Invocations
 29400 | Orc:2    | Found a staircase to the Elven Halls.
 29467 | Orc:2    | Found Fiaxicofiss's Magic Scroll Emporium.
 29467 | Orc:2    | Found Kegaifuosm's Magic Scroll Emporium.
 29470 | Orc:2    | Found Jeegomokk's Weapon Shoppe.
 29472 | Orc:2    | Found Oqoet's Distillery.
 29510 | Orc:2    | Bought a potion of heal wounds for 70 gold pieces
 29510 | Orc:2    | Bought a potion of cancellation for 112 gold pieces
 29510 | Orc:2    | Bought a potion of curing for 42 gold pieces
 29510 | Orc:2    | Bought a potion of flight for 42 gold pieces
 29510 | Orc:2    | Bought a potion of lignification for 42 gold pieces
 29514 | Orc:2    | Bought a scroll of brand weapon for 161 gold pieces
 29517 | Orc:2    | Bought a scroll of magic mapping for 127 gold pieces
 29517 | Orc:2    | Bought a scroll of vulnerability for 68 gold pieces
 29517 | Orc:2    | Bought a scroll of teleportation for 51 gold pieces
 29517 | Orc:2    | Bought a scroll of enchant weapon for 127 gold pieces
 29524 | Orc:2    | Bought a scroll of magic mapping for 97 gold pieces
 29524 | Orc:2    | Bought a scroll of identify for 26 gold pieces
 29524 | Orc:2    | Bought a scroll of poison for 52 gold pieces
 29524 | Orc:2    | Bought a scroll of vulnerability for 52 gold pieces
 29524 | Orc:2    | Bought a scroll of vulnerability for 52 gold pieces
 29524 | Orc:2    | Bought a scroll of vulnerability for 52 gold pieces
 30477 | D:13     | Found a gate to the Vaults.
 32034 | D:14     | Reached skill level 13 in Fighting
 32889 | D:15     | Entered Level 15 of the Dungeon
 32896 | D:15     | Identified the +1 dagger "Ygyas" {speed, Fly rCorr Str+7
                  | Dex-2}
 32901 | D:15     | Noticed Agnes
 34310 | D:15     | Found a viscous altar of Jiyva.
 34342 | D:15     | Found a portal to a secret trove of treasure.
 34381 | D:15     | Learned a level 2 spell: Wereblood
 34532 | D:15     | Reached XP level 16. HP: 128/132 MP: 24/24
 34542 | D:15     | Reached skill level 14 in Fighting
 34555 | D:15     | Found a staircase to the Depths.
 34969 | D:15     | Reached skill level 15 in Fighting
 35022 | D:15     | Reached skill level 1 in Transmutations
 35479 | Orc:2    | Bought 2 poisoned darts for 18 gold pieces
 35669 | D:8      | Reached skill level 1 in Throwing
 35977 | D:6      | Killed Dowan
 35983 | D:6      | Found a staircase to the Ecumenical Temple.
 36832 | Shoals:1 | Entered Level 1 of the Shoals
 37135 | Shoals:1 | Reached skill level 5 in Transmutations
 37796 | Shoals:1 | Identified the +7 plate armour of Kexzil {+Inv rElec Str-3}
 37848 | Shoals:1 | Found a runed translucent gate.
 37848 | Shoals:1 | Found a runed translucent gate.
 37848 | Shoals:1 | Found a runed translucent gate.
 37849 | Shoals:1 | Found an opulent altar of Gozag.
 37851 | Shoals:1 | Noticed pvanmetre's ghost (journeyman TrTm)
 37895 | Shoals:1 | You fall into a shaft and drop 1 floor!
 37895 | Shoals:2 | Found Ukairepn's Weapon Boutique.
 39274 | Shoals:2 | Reached skill level 5 in Throwing
 39354 | Shoals:2 | Found Ucarucoq's Weapon Emporium.
 40181 | Shoals:2 | Reached skill level 10 in Transmutations
 40389 | Shoals:2 | Noticed a kraken
 40560 | Shoals:2 | Killed a kraken
 40713 | Shoals:2 | Reached XP level 17. HP: 130/142 MP: 25/25
 40938 | Shoals:3 | Reached skill level 5 in Shields
 40939 | Shoals:3 | Reached skill level 1 in Spellcasting
 41142 | Shoals:3 | Noticed Polyphemus
 41156 | Shoals:3 | Killed Polyphemus
 41467 | Shoals:3 | Identified the +1 animal skin "Buolacob" {+Blink +Inv rPois
                  | Slay+2}
 41680 | Shoals:3 | Found Loihept's CLEARANCE SALE!.
 41698 | Shoals:3 | Bought a potion of heal wounds for 25 gold pieces
 41698 | Shoals:3 | Bought a potion of flight for 15 gold pieces
 41698 | Shoals:3 | Bought a scroll of teleportation for 15 gold pieces
 42217 | Shoals:4 | Entered Level 4 of the Shoals
 42217 | Shoals:4 | Noticed Donald
 42753 | Shoals:4 | Reached skill level 16 in Fighting
 43076 | Shoals:4 | Identified the ring of Xom's Fair Game {*Slow +Blink AC+4
                  | Dex+3 Slay+4}
 43137 | Shoals:4 | Got a barnacled rune of Zot
 43171 | Shoals:4 | Killed Donald
 44139 | Shoals:4 | Identified the ring of Haogux {rElec rC- rN+ Will- SInv}
 44596 | Spider:1 | Entered Level 1 of the Spider Nest
 45790 | Vaults:1 | Entered Level 1 of the Vaults
 47794 | Vaults:1 | Reached XP level 18. HP: 96/153 MP: 26/26
 48807 | Vaults:1 | Acquired the +2 pair of boots of the Blushing Gods {Dex+5}
 49138 | Vaults:1 | Found Faumaot's Antique Weapon Shoppe.
 49804 | Spider:1 | Reached skill level 10 in Shields
 51054 | Spider:2 | Found a runed translucent door.
 51160 | Spider:2 | Noticed Asterion
 51175 | Spider:2 | Killed Asterion
 51197 | Spider:2 | Noticed Zoefix's ghost (adept MfHs)
 53263 | Spider:2 | Reached skill level 17 in Fighting
 53927 | Spider:2 | Killed Zoefix's ghost
 54490 | Spider:2 | Learned a level 3 spell: Inner Flame
 54490 | Spider:2 | Identified the +5 shortbow "Orb Guardian's Regret" {heavy,
                  | +Blink rElec rF- Str+3}
 55142 | Spider:3 | Found a runed translucent door.
 55754 | Spider:4 | Entered Level 4 of the Spider Nest
 57833 | Spider:4 | Reached XP level 19. HP: 153/154 MP: 27/27
 59724 | Spider:4 | Got a gossamer rune of Zot
 60151 | Elf:1    | Entered Level 1 of the Elven Halls
 60151 | Elf:1    | Found a runed translucent gate.
 60151 | Elf:1    | Found a runed translucent gate.
 60151 | Elf:1    | Found a runed translucent gate.
 60151 | Elf:1    | Found a runed translucent gate.
 60151 | Elf:1    | Found a runed translucent gate.
 60151 | Elf:1    | Found a runed translucent gate.
 60152 | Elf:1    | Found a runed translucent door.
 60340 | Elf:1    | Identified the +0 leather armour of Onuzid {Dex+3}
 60374 | Elf:1    | Upgraded the game from 0.31-a0-1-g4198be8af4 to
                  | 0.31-a0-7-g51783674b7
 60403 | Elf:1    | Paralysed by an air elemental for 1 turns
 60410 | Elf:1    | Paralysed by an air elemental for 1 turns
 60428 | Elf:1    | Paralysed by an air elemental for 1 turns
 60435 | Elf:1    | Paralysed by an air elemental for 1 turns
 60441 | Elf:1    | Paralysed by an air elemental for 1 turns
 60446 | Elf:1    | Paralysed by an air elemental for 1 turns
 60450 | Elf:1    | Paralysed by an air elemental for 1 turns
 60455 | Orc:2    | Paralysed by an air elemental for 1 turns
 60983 | Orc:1    | Reached skill level 18 in Fighting
 63273 | Elf:1    | Found a runed translucent door.
 66102 | Vaults:2 | Reached skill level 19 in Fighting
 66598 | Vaults:2 | Reached XP level 20. HP: 87/174 MP: 28/28
 67597 | Vaults:2 | Identified the +1 helmet "Trusted Companion" {rCorr Str+3
                  | Slay+3}
 68481 | Vaults:3 | Found Voteig's Weapon Emporium.
 68813 | Vaults:3 | Noticed Margery
 68822 | Vaults:3 | Killed Margery
 69846 | Vaults:3 | Found a staircase to the Crypt.
 70046 | Vaults:3 | Reached skill level 20 in Fighting
 70558 | Vaults:3 | Identified the +4 ring mail of a Gauntlet {rF+ rC+ Dex+2}
 71123 | Vaults:3 | Identified the ring "Naaghaol" {rElec MP+9 Dex+3}
 72483 | Vaults:4 | Got the Reference Book on the Shift
 72667 | Vaults:4 | Reached skill level 21 in Fighting
 73479 | Vaults:4 | Reached XP level 21. HP: 142/188 MP: 29/29
 73540 | Vaults:4 | Reached skill level 22 in Fighting
 74388 | Vaults:4 | Identified the +7 chain mail of Mocw {+Inv Int+6 Dex-5
                  | SInv}
 75144 | D:14     | Killed Agnes
 76175 | Lair:5   | Found a corrupted altar of Lugonu.
 76175 | Lair:5   | Found a one-way gate to the infinite horrors of the Abyss.
 76891 | Depths:1 | Entered Level 1 of the Depths
 77381 | Depths:1 | Noticed Sojobo
 77398 | Depths:1 | Paralysed by an air elemental for 1 turns
 77401 | Depths:1 | Paralysed by an air elemental for 1 turns
 77406 | Depths:1 | Paralysed by an air elemental for 1 turns
 78031 | Depths:1 | Killed Sojobo
 78035 | Depths:1 | Reached skill level 23 in Fighting
 78048 | Depths:1 | Killed from afar by a tengu reaver

Illustrated notes

Levels and vault maps discovered:
D:1:      shiori_arrival_whats_in_store_for_you, layout_loops_ring,
          minmay_misc_feat_rows, minmay_tetromino_s4
D:2:      kennysheep_the_goblin_king, layout_loops_ring,
          hellmonk_ecumenical_altar_leap_of_faith, roderic_roman_lattice,
          grunt_decor_mini_mirrors, patterned_corridor, uniq_robin, uniq_sigmund
D:3:      layout_loops_ring, nicolae_wu_jian_glorious_leap, nicolae_goblin_pals,
          uniq_natasha
D:4:      layout_gridville, nicolae_hepliaklqana_monster_ancestors,
          portal_sewer_entry_b, serial_bayou, serial_bayou_shore_a,
          serial_bayou_shore_b, serial_bayou_pond_e, serial_bayou_crossing,
          serial_bayou_lagoon_a, serial_bayou_lagoon_b, uniq_crazy_yiuf_cottage
D:5:      layout_basic, ebering_ghost_sewer_d, grunt_decor_fettered,
          dreamdust_wishing_well, minmay_diced_spiral, uniq_blork_the_orc,
          uniq_pikel
D:6:      layout_gridville, minmay_temple_entry_antechambers,
          nicolae_benzene_ring, uniq_duvessa, uniq_grinder
D:7:      layout_rooms
D:8:      gammafunk_cloud_chamber, layout_basic, hangedman_glass_teeth
D:9:      minmay_shrinking_squares, layout_loops_ring,
          grunt_temple_overflow_open, david_orc_1_choice
D:10:     layout_loops_ring, mainiacjoe_overflow_alcove_2,
          mainiacjoe_overflow_small_starburst, dpeg_oklobed_lair,
          kennysheep_path_1
D:11:     layout_cave_pools
D:12:     minmay_octo_star, layout_gridville, uniq_jorgrun, uniq_azrael
D:13:     layout_loops_ring, hangedman_vaults_entry_quadrant_bands,
          evilmike_butchery
D:14:     layout_loops_ring, chequers_serial_rivers_micro_b
D:15:     grunt_enter_depths_magical_seal, layout_gridville,
          portal_ice_cave_entry_ugly_swarm, serial_park_square1
          [serial_park_minivault_5x5_7], nicolae_trove_entry_isolated,
          jiyva_altar_1, uniq_agnes
Lair:1:   layout_loops_ring, lemuel_fruit_fields, grunt_megastairs_2
Lair:2:   layout_hall_layers, grunt_megastairs_4
Lair:3:   layout_gridlike, nicolae_shoals_entry_flooding,
          nicolae_spider_entry_lesser_pyramids, uniq_nergalle, uniq_sonja
Lair:4:   layout_hall_layers, slime_entry_1, st_stairs_8,
          hangedman_lair_generics_rect, serial_bayou_shore_b,
          infiniplex_staircase_pool
Lair:5:   hellmonk_lair_end_abyssal_woods, layout_long_grid,
          minmay_lair_oklob_items, nicolae_quartered_pool_super
Shoals:1: layout_shoals, ebering_ghost_gozag, nicolae_shoals_lost_giant_temple,
          nicolae_shoals_stone_sculpture_thing, nicolae_shoals_seven_spires
Shoals:2: layout_shoals, serial_shops, shop, nicolae_take_the_stairs,
          nicolae_shoals_hunting_party
Shoals:3: argonaut_golden_fleece, layout_shoals, nicolae_shop_clearance,
          uniq_polyphemus
Shoals:4: shoals_end_grunt_garden, layout_shoals, uniq_donald
Spider:1: layout_spider_delve
Spider:2: layout_spider_delve, ebering_ghost_reflecting_pool, uniq_asterion
Spider:3: cheibrodos_spider_deadly_dance
Spider:4: hellmonk_spider_rune_endless_swarm
Orc:1:    layout_diamond_mine, mines2_david
Orc:2:    st_orc_mages, layout_caves, special_room
Elf:1:    nicolae_elf_arrival_dilemma, layout_gridlike, minivault_28
Vaults:1: nicolae_vaults_network_star, nicolae_vaults_double_plus_2, v_misc_33,
          hangedman_vaults_impose, v_misc_23, vaults_room_grunt_arrival_ludios,
          nicolae_vaults_diamond_1, layout_vaults_omnibox, serial_shops, shop
Vaults:2: v_alt_pattern_3, v_pattern_5, vaults_mumra_minichess,
          ontoclasm_vaults_loading_screen, nicolae_vaults_triangles,
          nicolae_vaults_tetromino_T_1, v_misc_18, layout_vaults_chaotic_city
Vaults:3: nicolae_vaults_tetromino_Z_2, nicolae_vaults_weapon_check,
          minmay_crypt_entry_simple_sparse, nicolae_vaults_octothorpe,
          ontoclasm_vaults_chip, nicolae_vaults_inception_network,
          v_alt_pattern_3, nicolae_vaults_hallways_thing,
          nicolae_vaults_spaceships, nicolae_vaults_border_crossing,
          nicolae_vaults_trapezoid_lopsided_4, ontoclasm_vaults_chip, v_misc_23,
          nicolae_vaults_more_shelving_1, layout_vaults_maze, serial_shops,
          nicolae_shop_waterfront, uniq_margery
Vaults:4: lightli_enter_wizlab_magi_temple, v_misc_31,
          nicolae_vaults_security_offices_2, vaults_mumra_hex,
          vaults_standard_mumra_x, nicolae_vaults_trapezoid_lopsided_2,
          v_misc_5, nicolae_vaults_theta, grunt_vaults_hallway_short,
          vaults_dpeg_ring, ontoclasm_vaults_gateway, layout_vaults_omnigrid,
          serial_shops
Depths:1: layout_basic, hellmouth_3, minmay_door_square, bloody_trog,
          uniq_sojobo

Skill      XL: |  1  2  3  4  5  6  7  8  9 10 11 12 13 14 15 16 17 18 19 20 21 |
---------------+----------------------------------------------------------------+-----
Long Blades    | 3 4 5 7 8 10 12 13 16 | 16.2
Armour         | 3 6 |  6.4
Fighting       | 5 11 12 13 15 16 17 19 21 23 | 23.0
Dodging        | 12 16 18 20 22 | 22.0
Evocations     | 9 |  9.9
Invocations    | 6 11 | 11.8
Transmutations | 11 13 | 13.8
Throwing       | 5 |  5.2
Shields        | 8 12 | 12.7
Spellcasting   | 4 |  4.0

Action                     |  1- 3 |  4- 6 |  7- 9 | 10-12 | 13-15 | 16-18 | 19-21 || total
---------------------------+-------+-------+-------+-------+-------+-------+-------++-------
  Melee: Long sword        |    26 |       |       |       |       |       |       ||    26
         Scimitar          |   105 |   179 |   367 |   250 |    16 |       |       ||   917
         Tailslap          |       |       |     2 |     5 |       |    94 |     6 ||   107
         Double sword      |       |       |       |   449 |   903 |  1055 |    31 ||  2438
         Rapier            |       |       |       |       |    23 |       |       ||    23
         Demon blade       |       |       |       |       |       |   223 |  1061 ||  1284
  Throw: Dart              |       |       |       |    54 |   159 |    42 |    38 ||   293
         Boomerang         |       |       |       |       |       |   423 |   127 ||   550
         Throwing net      |       |       |       |       |       |     2 |       ||     2
         Javelin           |       |       |       |       |       |       |    18 ||    18
   Cast: Wereblood         |       |       |       |       |       |     7 |     1 ||     8
 Invoke: Shadow Form       |       |       |       |       |     1 |     5 |     6 ||    12
         Shadow Step       |       |       |       |       |       |     1 |       ||     1
Ability: End Transformatio |       |       |       |       |       |     2 |     1 ||     3
  Evoke: Wand              |       |       |    10 |     2 |    82 |    41 |    15 ||   150
         Lightning rod     |       |       |       |       |    12 |    30 |    16 ||    58
         Tin of tremorston |       |       |       |       |       |     5 |     6 ||    11
         Phial of floods   |       |       |       |       |       |       |     4 ||     4
         Box of beasts     |       |       |       |       |       |       |     2 ||     2
    Use: Scroll            |     1 |     4 |     9 |    11 |    13 |    14 |     7 ||    59
         Potion            |     2 |     1 |     5 |     2 |     7 |     8 |    23 ||    48
   Stab: Distracted        |       |       |     1 |       |     1 |    14 |    32 ||    48
         Petrified         |       |       |       |       |     3 |       |       ||     3
         Confused          |       |       |       |       |     2 |     7 |       ||     9
         Petrifying        |       |       |       |       |     2 |     4 |       ||     6
         Paralysed         |       |       |       |       |       |     2 |       ||     2
 Armour: Scale mail        |    55 |       |       |       |       |       |       ||    55
         Plate armour      |     6 |   127 |   228 |   347 |   436 |   372 |   198 ||  1714
         Chain mail        |       |       |       |       |       |   120 |    61 ||   181
  Dodge: Dodged            |    65 |    31 |    88 |   293 |   672 |  1284 |   683 ||  3116
  Block: Buckler           |    31 |    49 |   102 |   211 |   383 |   275 |       ||  1051
         Reflection        |       |       |       |     2 |    19 |    43 |    48 ||   112
         Kite shield       |       |       |       |       |       |   590 |   679 ||  1269

Table legend: (Time is in decaauts)
 A = Elapsed time spent in this place.
 B = Non-inter-level travel time spent in this place.
 C = Inter-level travel time spent in this place.
 D = Time resting spent in this place.
 E = Time spent auto-exploring this place.
 F = Levels seen in this place.
 G = Mean time per level.
                   A        B        C        D        E       F      G
               +--------+--------+--------+--------+--------+-----+--------+
         Total |  76124 |  71623 |   4501 |  37479 |  21243 |  36 | 2114.6 |
       Dungeon |  28892 |  26560 |   2332 |  12638 |   9245 |  15 | 1926.1 |
          Lair |  10652 |   9713 |    939 |   4118 |   3587 |   5 | 2130.4 |
        Shoals |   6447 |   6105 |    342 |   2635 |   1732 |   4 | 1611.8 |
   Spider Nest |  10561 |  10397 |    164 |   7014 |   1670 |   4 | 2640.2 |
  Orcish Mines |   5437 |   5167 |    270 |   3861 |    777 |   2 | 2718.5 |
   Elven Halls |    953 |    953 |      0 |    370 |    282 |   1 |  953.0 |
        Vaults |  12976 |  12526 |    450 |   6782 |   3932 |   4 | 3244.0 |
        Depths |    202 |    202 |      0 |     60 |     17 |   1 |  202.0 |
               +--------+--------+--------+--------+--------+-----+--------+

Top non-repeatable levels by time:
Vaults:3: 3773 daAuts
Vaults:1: 3750 daAuts
   Orc:2: 3427 daAuts
    D:13: 3327 daAuts
     D:6: 2918 daAuts
Spider:1: 2870 daAuts
Vaults:2: 2825 daAuts
    D:14: 2818 daAuts
  Lair:5: 2696 daAuts
Spider:4: 2694 daAuts
Spider:3: 2687 daAuts
  Lair:3: 2630 daAuts
Vaults:4: 2627 daAuts
  Lair:4: 2558 daAuts
    D:15: 2547 daAuts
